 Dungeon Crawl Stone Soup version 0.21.1-1-g345015fe64 (webtiles) character file.

7500 KamiKatze the Thaumaturge (level 10, -2/48 HPs)
             Began as a Spriggan Conjurer on Feb 19, 2018.
             Was an Elder of Vehumet.
             Slain by a queen ant (19 damage)
             ... on level 9 of the Dungeon.
             The game lasted 00:48:18 (13127 turns).

KamiKatze the Thaumaturge (Spriggan Conjurer)      Turns: 13127, Time: 00:48:19

Health: -2/48      AC:  3    Str:  4    XL:     10   Next: 95%
Magic:  5/27       EV: 21    Int: 20    God:    Vehumet [****..]
Gold:   438        SH:  3    Dex: 17    Spells: 15/33 levels left

rFire    + . .     SeeInvis +   a - +1 dagger (drain)
rCold    . . .     Gourm    .   (shield restricted)
rNeg     . . .     Faith    .   h - +1 robe {MR+}
rPois    +         Spirit   .   (helmet restricted)
rElec    .         Reflect  +   (no cloak)
rCorr    .         Harm     .   (gloves unavailable)
MR       ++...                  (boots unavailable)
Stlth    ++........             F - +3 amulet of reflection
HPRegen  0.16/turn              n - ring of protection from fire
MPRegen  0.20/turn              P - ring of poison resistance

@: very quick
A: very small, unfitting armour, see invisible, herbivore, speed 3, slow
metabolism 2
a: Renounce Religion


You were on level 9 of the Dungeon.
You worshipped Vehumet.
Vehumet was greatly pleased with you.
You were not hungry.

You visited 2 branches of the dungeon, and saw 12 of its levels.

You collected 438 gold pieces.

Inventory:

Hand Weapons
 a - a +1 dagger of draining (weapon)
 b - the +9 short sword of Pekho {holy, *Rage rC+ rN++ Dex+2}
   (You found it on level 4 of the Dungeon)

   It has been blessed by the Shining One to cause great damage to the undead
   and demons.
   It affects your dexterity (+2).
   It protects you from cold.
   It greatly protects you from negative energy.
   It may make you go berserk in combat.
 y - a +0 short sword
Missiles
 C - 11 poisoned needles
Armour
 h - a +1 robe of magic resistance (worn)
 z - a +0 robe of the Archmagi
Jewellery
 n - a ring of protection from fire (left hand)
 t - an uncursed ring of positive energy
 F - a +3 amulet of reflection (around neck)
 O - a +1 ring of evasion
 P - a ring of poison resistance (right hand)
Wands
 x - a wand of scattershot (5)
 H - a wand of flame (19)
 L - a wand of polymorph (14)
Scrolls
 e - 7 scrolls of remove curse
 j - 2 scrolls of amnesia {unknown}
 l - a scroll of blinking
 o - a scroll of fog
 p - 2 scrolls of enchant weapon {unknown}
 q - 6 scrolls of teleportation
 r - 3 scrolls of immolation
 v - a scroll of random uselessness {unknown}
 w - a scroll of brand weapon {unknown}
 N - 2 scrolls of magic mapping
 Q - a scroll of torment {unknown}
Potions
 f - 5 potions of heal wounds
 g - 4 potions of invisibility
 i - a potion of resistance {unknown}
 k - 3 potions of agility
 m - 6 potions of curing
 u - a potion of brilliance {unknown}
 A - 2 potions of haste
 B - 2 potions of mutation {unknown}
 G - 3 potions of ambrosia {unknown}
 I - a potion of flight {unknown}
Books
 d - a book of Conjurations

   Spells                             Type                      Level
   a - Magic Dart                     Conjuration                  1
   b - Searing Ray                    Conjuration                  2
   c - Dazzling Spray                 Conjuration/Hexes            3
   d - Fulminant Prism                Conjuration/Hexes            4
   e - Force Lance                    Conjuration/Translocation    4
   f - Iskenderun's Mystic Blast      Conjuration                  4
 s - a book of Callings

   Spells                             Type                      Level
   a - Summon Small Mammal            Summoning                    1
   b - Call Imp                       Summoning                    2
   c - Call Canine Familiar           Summoning                    3
   d - Summon Guardian Golem          Hexes/Summoning              3
   e - Summon Lightning Spire         Summoning/Air                4
   f - Summon Ice Beast               Ice/Summoning                4
 E - a book of Clouds

   Spells                             Type                      Level
   a - Poisonous Vapours              Poison/Air                   2
   b - Mephitic Cloud                 Conjuration/Poison/Air       3
   c - Conjure Flame                  Conjuration/Fire             3
   d - Freezing Cloud                 Conjuration/Ice/Air          6
   e - Ring of Flames                 Charms/Fire                  7
 K - a book of Cantrips

   Spells                             Type                      Level
   a - Confusing Touch                Hexes                        1
   b - Animate Skeleton               Necromancy                   1
   c - Summon Small Mammal            Summoning                    1
   d - Apportation                    Translocation                1
 M - a book of Necromancy

   Spells                             Type                      Level
   a - Pain                           Necromancy                   1
   b - Animate Skeleton               Necromancy                   1
   c - Vampiric Draining              Necromancy                   3
   d - Regeneration                   Charms/Necromancy            3
   e - Animate Dead                   Necromancy                   4
   f - Borgnjor's Vile Clutch         Necromancy/Earth             5
Miscellaneous
 D - a phantom mirror
Comestibles
 c - 21 rations


   Skills:
 + Level 2.8 Fighting
 + Level 6.0 Dodging
 - Level 3.0 Stealth
 + Level 12.0 Spellcasting
 * Level 8.7 Conjurations
 - Level 7.0 Hexes
 - Level 5.0 Translocations


You had 15 spell levels left.
You knew the following spells:

 Your Spells              Type           Power        Failure   Level  Hunger
a - Magic Dart            Conj           ####         1%          1    None
b - Searing Ray           Conj           #####.       1%          2    None
c - Dazzling Spray        Conj/Hex       #####.       1%          3    None
d - Iskenderun's Mystic   Conj           #####...     1%          4    #......
e - Fulminant Prism       Conj/Hex       #####.....   1%          4    #......
f - Force Lance           Conj/Tloc      #####...     1%          4    #......


Dungeon Overview and Level Annotations

Branches:
Dungeon (11/15)            Temple (1/1) D:6
   Lair: D:8-11         Orc: D:9-12

Altars:
Ashenzari
Cheibriados
Dithmenos
Elyvilon
Fedhas
Gozag
Hepliaklqana
Kikubaaqudgha
Makhleb
Nemelex Xobeh
Okawaru
Qazlal
Ru
Sif Muna
Trog
Uskayaw
Vehumet
Wu Jian
Xom
Yredelemnul
Zin
The Shining One

Annotations:
D:5 4 runed doors


Innate Abilities, Weirdness & Mutations

You are very small and have problems with some larger weapons.
You are too small for most types of armour.
You have supernaturally acute eyesight. (SInv)
You are a herbivore.
You cover ground extremely quickly.
You need consume almost no food.


Message History

The soldier ant is almost dead.
You finish channeling your searing ray.
The queen ant stings you!
Casting: Searing Ray
Confirm with . or Enter, or press ? or * to list all spells.
Aiming: Searing Ray
Press: ? - help, Shift-Dir - straight line, f/p - queen ant
Aim: a queen ant (severely wounded)
The searing ray hits the queen ant.
The queen ant is severely wounded. (Press . to maintain the ray.)
The searing ray hits the queen ant.
The queen ant is severely wounded.
The searing ray misses the queen ant.
The searing ray hits the soldier ant.
You kill the soldier ant!
Vehumet accepts your kill.
You feel your power returning.
The searing ray hits the queen ant.
The queen ant is severely wounded.
You finish channeling your searing ray.
The queen ant stings you!!
You die...

#.....}..........###..
###..#.########### #..
#.##.# ###.. #.##.#
#######.... #.##.#
#....a..... #.##.#
#a#####>... #.##.#
#.#######..
#.##.#####.##.(.....
#..@a..†......######
###############


You could see a queen ant.

Vanquished Creatures
  A two-headed ogre (D:9)
  A queen bee (D:7)
  A hippogriff (D:9)
  A hungry ghost (D:7)
  Eustachio (D:6)
  Menkaure (D:6)
  Edmund (D:5)
  14 soldier ants (D:9)
  Duvessa (D:5)
  An ice beast (D:6)
  An orc warrior (D:6)
  2 sky beasts
  2 black bears
  3 ogres
  5 centaurs
  2 big kobolds
  Blork the orc (D:5)
  A gnoll sergeant (D:5)
  4 bullfrogs
  Dowan (D:5)
  2 scorpions
  14 killer bees
  A howler monkey (D:6)
  6 crimson imps
  6 hounds
  3 quasits
  A jelly (D:3)
  5 orc priests
  3 iguanas
  5 orc wizards
  29 worker ants
  A hound zombie (D:5)
  2 hound skeletons (D:5)
  A howler monkey zombie (D:5)
  2 worker ant zombies
  A howler monkey skeleton (D:5)
  12 adders
  2 shadow imps
  An ooze (D:5)
  An adder zombie (D:7)
  2 adder skeletons
  3 worms
  2 dart slugs
  2 leopard geckos
  11 orcs
  3 giant cockroaches
  3 goblins
  4 hobgoblins
  14 kobolds
  4 quokkas
  2 ball pythons
  8 bats
  4 frilled lizards
  A leopard gecko zombie (D:8)
  16 rats
222 creatures vanquished.

Vanquished Creatures (others)
  13 fulminant prisms
13 creatures vanquished.

Grand Total: 235 creatures vanquished

Notes
Turn   | Place    | Note
-------+----------+-------------------------------------------
     0 | D:1      | KamiKatze the Spriggan Conjurer began the quest for the Orb.
     0 | D:1      | Reached XP level 1. HP: 9/9 MP: 5/5
    61 | D:1      | Reached skill level 3 in Spellcasting
    66 | D:1      | Reached XP level 2. HP: 9/13 MP: 5/7
    72 | D:1      | Learned a level 2 spell: Searing Ray
   834 | D:2      | Found a radiant altar of Vehumet.
   842 | D:2      | Became a worshipper of Vehumet
   892 | D:2      | Reached XP level 3. HP: 13/16 MP: 6/8
  1037 | D:2      | Found a basalt altar of Yredelemnul.
  1413 | D:2      | Learned a level 3 spell: Dazzling Spray
  2049 | D:3      | Reached XP level 4. HP: 21/21 MP: 2/10
  2104 | D:3      | Reached skill level 4 in Spellcasting
  2104 | D:3      | Reached skill level 1 in Hexes
  2384 | D:4      | Reached XP level 5. HP: 11/24 MP: 2/12
  2500 | D:4      | Found a glowing silver altar of Zin.
  2544 | D:4      | Noticed an ogre
  2552 | D:4      | Killed an ogre
  2660 | D:4      | Learned a level 4 spell: Fulminant Prism
  2686 | D:4      | Reached skill level 5 in Spellcasting
  2772 | D:4      | Reached XP level 6. HP: 7/28 MP: 0/14
  2801 | D:3      | Learned a level 4 spell: Iskenderun's Mystic Blast
  2987 | D:4      | Reached * piety under Vehumet
  2987 | D:4      | Offered knowledge of Sandblast by Vehumet.
  3344 | D:4      | Got a warped short sword
  3345 | D:4      | Identified the +9 short sword of Pekho {holy, *Rage rC+ rN++ Dex+2} (You found it on level 4 of the Dungeon)
  3396 | D:4      | Found a hide-covered altar of Uskayaw.
  3408 | D:4      | Found a sparkling altar of Nemelex Xobeh.
  3607 | D:4      | Found a sacrificial altar of Ru.
  3607 | D:4      | Found a hazy altar of Hepliaklqana.
  3932 | D:5      | Entered Level 5 of the Dungeon
  3995 | D:5      | Found a large runed door.
  3995 | D:5      | Found a large runed door.
  4050 | D:5      | Reached skill level 6 in Spellcasting
  4103 | D:5      | Found a large runed door.
  4104 | D:5      | Found a large runed door.
  4132 | D:5      | Reached XP level 7. HP: 28/32 MP: 6/17
  4159 | D:5      | Noticed Edmund
  4453 | D:5      | Reached skill level 5 in Conjurations
  4835 | D:5      | Reached skill level 7 in Spellcasting
  4915 | D:5      | Learned a level 4 spell: Force Lance
  4936 | D:5      | Killed Edmund
  4936 | D:5      | Reached XP level 8. HP: 28/36 MP: 12/20
  5130 | D:5      | Found a snail-covered altar of Cheibriados.
  5137 | D:5      | Noticed Duvessa
  5137 | D:5      | Noticed Dowan
  5446 | D:5      | Killed Duvessa
  5446 | D:5      | Reached skill level 8 in Spellcasting
  5446 | D:5      | Reached skill level 5 in Hexes
  5458 | D:5      | Killed Dowan
  5542 | D:6      | Noticed Menkaure
  5590 | D:6      | Found a staircase to the Ecumenical Temple.
  5608 | D:6      | Noticed Blork the orc
  5789 | D:6      | Killed Menkaure
  5793 | D:6      | Noticed Eustachio
  5795 | D:6      | Offered knowledge of Throw Frost by Vehumet.
  5816 | D:5      | Killed Blork the orc
  5816 | D:5      | Reached ** piety under Vehumet
  5962 | D:5      | Reached skill level 9 in Spellcasting
  6232 | D:6      | Killed Eustachio
  6232 | D:6      | Reached XP level 9. HP: 39/39 MP: 3/23
  6304 | D:6      | Found an iron altar of Okawaru.
  6602 | Temple   | Entered the Ecumenical Temple
  6952 | D:6      | Found a shadowy altar of Dithmenos.
  7711 | D:7      | Reached skill level 1 in Translocations
  7745 | D:7      | Offered knowledge of Stone Arrow by Vehumet.
  7773 | D:7      | Reached skill level 10 in Spellcasting
  8887 | D:7      | Reached *** piety under Vehumet
  9725 | D:8      | Noticed a queen bee
  9753 | D:7      | Killed a queen bee
 10491 | D:8      | Reached XP level 10. HP: 44/44 MP: 22/25
 10777 | D:9      | Offered knowledge of Inner Flame by Vehumet.
 10794 | D:9      | Reached skill level 11 in Spellcasting
 11340 | D:9      | Noticed a queen ant
 11346 | D:9      | Reached skill level 1 in Fighting
 11368 | D:9      | Reached skill level 5 in Translocations
 11596 | D:9      | You fall through a shaft for 2 floors!
 11750 | D:11     | Noticed a manticore
 11755 | D:10     | Entered Level 10 of the Dungeon
 11764 | D:10     | Reached **** piety under Vehumet
 12418 | D:9      | Reached skill level 5 in Dodging
 12481 | D:9      | Noticed a two-headed ogre
 12495 | D:9      | Killed a two-headed ogre
 12584 | D:9      | Offered knowledge of Irradiate by Vehumet.
 13098 | D:9      | Reached skill level 12 in Spellcasting
 13127 | D:9      | Slain by a queen ant

Skill      XL: |  1  2  3  4  5  6  7  8  9 10 |
---------------+-------------------------------+-----
Conjurations   | 3 4 5 6 7 8 |  8.7
Spellcasting   | 3 4 5 6 7 9 10 12 | 12.0
Hexes          | 1 2 3 4 5 7 |  7.0
Translocations | 4 5 |  5.0
Fighting       | 2 |  2.8
Dodging        | 6 |  6.0
Stealth        | |  3.0

Action                   |  1- 3 |  4- 6 |  7- 9 | 10-12 || total
-------------------------+-------+-------+-------+-------++-------
Melee: Short sword       |    63 |    13 |     2 |       ||    78
       Dagger            |       |       |    17 |     7 ||    24
 Cast: Magic Dart        |    68 |    57 |   177 |    76 ||   378
       Searing Ray       |     3 |    11 |    62 |    56 ||   132
       Fulminant Prism   |       |       |     9 |     4 ||    13
       Dazzling Spray    |       |       |     3 |       ||     3
       Iskenderun's Myst |       |       |     4 |     1 ||     5
  Use: Scroll            |     7 |     3 |     1 |     6 ||    17
       Potion            |       |       |       |     1 ||     1
 Stab: Sleeping          |     2 |     2 |     3 |     1 ||     8
  Eat: Ration            |       |     1 |     3 |     1 ||     5
Armor: Robe              |     7 |     1 |     8 |     1 ||    17
Dodge: Dodged            |    73 |    25 |   131 |    61 ||   290
Block: Other             |       |       |    15 |     8 ||    23
       Reflection        |       |       |       |     1 ||     1
